General information
- name: BNet
- type: Ladder team game (AT/RT)
- host: Battle.net
- saver: blinn
map: SilverpineForest
- players: 6
- length: 15:46
- speed: Fast
- version: 1.21 W3XP
- replay type:

» download(94 KB)
Players
team 1 (winner)
blinn (
teal | 81 APM | 1277 actions | 15:46)
3 Mountain King
1 Storm Bolt
1 Bash
1 Thunder Clap
2 Paladin
1 Holy Light
1 Divine Shield
» actions
| Assign group hotkey | 69 | |
| Basic commands | 9 | |
| Build / train | 112 | |
| Enter build submenu | 73 | |
| Enter hero's abilities submenu | 5 | |
| Remove unit from queue | 2 | |
| Right click | 451 | |
| Select / deselect | 319 | |
| Select group hotkey | 115 | |
| Use ability | 122 | |
1277 total
» units
| Peasant | 17 | |
| Dragonhawk Rider | 2 | |
19 total
» upgrades
| Masonry | 2 | |
| Lumber Harvesting | 2 | |
| Cloud | 1 | |
5 total
» buildings
| Altar of Kings | 1 | |
| Farm | 7 | |
| Lumber Mill | 2 | |
| Scout Tower | 62 | |
| Guard Tower | 54 | |
| Arcane Tower | 2 | |
| Arcane Vault | 1 | |
| Town Hall | 1 | |
| Keep | 3 | |
| Castle | 2 | |
| Gryphon Aviary | 2 | |
| Barracks | 1 | |
138 total
» build order
00:02 Altar of Kings
00:07 Farm
00:13 Lumber Mill
00:18 Lumber Mill
00:40 Farm
01:00 Scout Tower
01:12 Scout Tower
01:26 Scout Tower
01:38 Scout Tower
01:39 Scout Tower
01:43 Guard Tower
01:43 Guard Tower
01:48 Scout Tower
02:07 Arcane Tower
02:07 Arcane Tower
02:14 Farm
02:23 Guard Tower
02:24 Guard Tower
02:29 Scout Tower
02:30 Scout Tower
02:34 Scout Tower
02:35 Scout Tower
02:42 Arcane Vault
02:48 Guard Tower
02:49 Guard Tower
02:58 Scout Tower
03:17 Guard Tower
03:19 Guard Tower
03:31 Guard Tower
03:32 Guard Tower
03:35 Guard Tower
03:37 Scout Tower
03:38 Scout Tower
03:41 Scout Tower
03:42 Scout Tower
03:43 Guard Tower
03:43 Guard Tower
03:43 Guard Tower
03:44 Guard Tower
03:56 Scout Tower
03:58 Scout Tower
04:02 Scout Tower
04:04 Scout Tower
04:40 Guard Tower
04:41 Guard Tower
04:44 Scout Tower
04:45 Scout Tower
04:51 Guard Tower
04:51 Guard Tower
05:09 Guard Tower
05:15 Scout Tower
05:15 Scout Tower
05:57 Guard Tower
06:02 Town Hall
06:06 Scout Tower
06:39 Scout Tower
06:39 Scout Tower
06:42 Scout Tower
06:42 Scout Tower
06:46 Scout Tower
06:46 Scout Tower
06:54 Guard Tower
07:01 Keep
07:01 Keep
07:15 Scout Tower
07:16 Scout Tower
07:17 Scout Tower
07:18 Scout Tower
07:25 Guard Tower
07:25 Guard Tower
07:48 Scout Tower
07:48 Scout Tower
07:51 Guard Tower
07:51 Guard Tower
08:28 Scout Tower
08:30 Scout Tower
08:31 Scout Tower
08:35 Scout Tower
08:36 Scout Tower
08:40 Guard Tower
08:42 Guard Tower
08:42 Guard Tower
08:47 Guard Tower
08:48 Guard Tower
08:48 Guard Tower
08:59 Scout Tower
09:00 Scout Tower
09:48 Scout Tower
09:48 Scout Tower
09:49 Guard Tower
09:50 Guard Tower
10:08 Scout Tower
10:08 Scout Tower
10:09 Guard Tower
10:09 Guard Tower
10:30 Scout Tower
10:31 Scout Tower
10:33 Guard Tower
10:33 Guard Tower
10:37 Guard Tower
10:37 Guard Tower
10:39 Scout Tower
10:41 Scout Tower
10:49 Castle
10:49 Castle
10:52 Gryphon Aviary
10:53 Gryphon Aviary
11:06 Scout Tower
11:07 Scout Tower
11:09 Scout Tower
11:09 Scout Tower
11:18 Guard Tower
11:18 Guard Tower
11:18 Guard Tower
12:34 Scout Tower
12:34 Scout Tower
12:36 Guard Tower
12:37 Guard Tower
12:37 Guard Tower
13:09 Farm
13:10 Farm
13:22 Scout Tower
13:22 Scout Tower
13:24 Scout Tower
13:24 Scout Tower
13:25 Scout Tower
14:13 Farm
14:14 Farm
14:17 Guard Tower
14:17 Guard Tower
14:31 Barracks
» items
| Scroll of Regeneration | 2 | |
| Lesser Clarity Potion | 2 | |
| Mechanical Critter | 1 | |
| Staff of Sanctuary | 1 | |
| Orb of Fire | 1 | |
7 total
iggy_the_fisk (
yellow | 107 APM | 1682 actions | 15:46)
4 Archmage
2 Blizzard
2 Brilliance Aura
2 Blood Mage
1 Flame Strike
1 Siphon Mana
» actions
| Assign group hotkey | 315 | |
| Basic commands | 2 | |
| Build / train | 94 | |
| Enter build submenu | 45 | |
| Enter hero's abilities submenu | 6 | |
| Remove unit from queue | 2 | |
| Right click | 746 | |
| Select / deselect | 216 | |
| Select group hotkey | 149 | |
| Use ability | 107 | |
1682 total
» units
» upgrades
| Masonry | 2 | |
| Lumber Harvesting | 1 | |
3 total
» buildings
| Altar of Kings | 1 | |
| Lumber Mill | 1 | |
| Farm | 3 | |
| Scout Tower | 31 | |
| Guard Tower | 25 | |
| Arcane Tower | 3 | |
| Keep | 1 | |
| Arcane Vault | 2 | |
| Town Hall | 1 | |
| Castle | 4 | |
| Arcane Sanctum | 1 | |
73 total
» build order
00:04 Altar of Kings
00:18 Lumber Mill
00:23 Farm
00:58 Farm
01:21 Scout Tower
01:33 Farm
01:47 Guard Tower
01:48 Guard Tower
01:48 Guard Tower
01:48 Guard Tower
01:51 Scout Tower
01:53 Scout Tower
02:19 Arcane Tower
02:20 Arcane Tower
02:20 Arcane Tower
02:22 Scout Tower
02:50 Guard Tower
02:52 Scout Tower
03:12 Scout Tower
03:51 Guard Tower
03:52 Scout Tower
03:54 Keep
03:59 Scout Tower
04:18 Guard Tower
04:19 Guard Tower
04:20 Scout Tower
04:21 Scout Tower
04:33 Guard Tower
04:52 Scout Tower
05:03 Scout Tower
05:04 Scout Tower
05:05 Scout Tower
07:08 Arcane Vault
07:20 Guard Tower
08:28 Scout Tower
08:56 Guard Tower
09:01 Guard Tower
09:07 Scout Tower
09:58 Scout Tower
10:01 Guard Tower
10:04 Scout Tower
10:07 Scout Tower
10:26 Guard Tower
10:27 Scout Tower
10:46 Guard Tower
10:47 Scout Tower
10:49 Scout Tower
11:07 Guard Tower
11:12 Town Hall
11:15 Scout Tower
11:15 Guard Tower
11:17 Scout Tower
11:29 Scout Tower
11:31 Scout Tower
11:52 Guard Tower
11:54 Arcane Vault
12:06 Scout Tower
12:10 Scout Tower
12:11 Scout Tower
12:14 Guard Tower
12:26 Guard Tower
12:26 Guard Tower
12:28 Scout Tower
12:53 Guard Tower
13:08 Guard Tower
13:09 Scout Tower
13:19 Castle
13:19 Castle
13:19 Castle
13:19 Castle
13:29 Arcane Sanctum
13:38 Guard Tower
» items
| Scroll of Regeneration | 3 | |
| Scroll of Town Portal | 1 | |
| Potion of Healing | 4 | |
8 total
TIMG4STROK (
green | 85 APM | 1333 actions | 15:45)
3 Warden
2 Shadow Strike
1 Blink
1 Pandaren Brewmaster
1 Breath of Fire
» actions
| Assign group hotkey | 4 | |
| Basic commands | 17 | |
| Build / train | 51 | |
| ESC pressed | 2 | |
| Enter build submenu | 24 | |
| Enter hero's abilities submenu | 4 | |
| Give item / drop item | 4 | |
| Right click | 695 | |
| Select / deselect | 94 | |
| Select group hotkey | 358 | |
| Use ability | 80 | |
1333 total
» units
» upgrades
» buildings
| Altar of Elders | 1 | |
| Moon Well | 8 | |
| Tree of Ages | 1 | |
| Tree of Life | 1 | |
| Ancient of Wonders | 2 | |
| Ancient of Wind | 1 | |
| Tree of Eternity | 1 | |
| Chimaera Roost | 8 | |
| Hunter's Hall | 1 | |
24 total
» build order
00:05 Altar of Elders
00:10 Moon Well
01:02 Moon Well
02:01 Moon Well
04:06 Tree of Ages
07:12 Tree of Life
07:34 Ancient of Wonders
09:45 Ancient of Wind
09:47 Tree of Eternity
10:54 Moon Well
10:54 Moon Well
12:33 Chimaera Roost
12:39 Chimaera Roost
12:40 Chimaera Roost
12:43 Chimaera Roost
12:44 Chimaera Roost
12:45 Chimaera Roost
12:46 Chimaera Roost
13:02 Ancient of Wonders
13:24 Chimaera Roost
13:40 Moon Well
13:42 Moon Well
13:44 Moon Well
14:39 Hunter's Hall
» items
| Boots of Speed | 5 | |
| Staff of Teleportation | 2 | |
| Staff of Preservation | 2 | |
| Orb of Venom | 2 | |
| Potion of Healing | 1 | |
| Potion of Mana | 1 | |
| Scroll of Regeneration | 1 | |
| Lesser Clarity Potion | 1 | |
15 total
team 2 (loser)
hobox (
pink | 36 APM | 195 actions | 05:28)
1 Pandaren Brewmaster
1 Drunken Haze
» actions
| Basic commands | 5 | |
| Build / train | 20 | |
| Enter build submenu | 13 | |
| Enter hero's abilities submenu | 1 | |
| Right click | 82 | |
| Select / deselect | 60 | |
| Use ability | 14 | |
195 total
» units
» upgrades
» buildings
| Barracks | 2 | |
| Farm | 6 | |
| Altar of Kings | 2 | |
| Blacksmith | 1 | |
11 total
» build order
00:13 Barracks
00:17 Farm
00:28 Farm
01:14 Altar of Kings
01:22 Altar of Kings
01:33 Farm
02:10 Farm
02:13 Farm
03:46 Barracks
04:14 Blacksmith
04:35 Farm
Ocean-Period (
orange | 42 APM | 617 actions | 14:47)
1 Pandaren Brewmaster
1 Drunken Haze
» actions
| Basic commands | 9 | |
| Build / train | 36 | |
| ESC pressed | 5 | |
| Enter build submenu | 17 | |
| Enter hero's abilities submenu | 1 | |
| Right click | 259 | |
| Select / deselect | 256 | |
| Use ability | 34 | |
617 total
» units
| Peasant | 10 | |
| Footman | 10 | |
| Dragonhawk Rider | 10 | |
30 total
» upgrades
» buildings
| Barracks | 2 | |
| Farm | 8 | |
| Altar of Kings | 1 | |
| Lumber Mill | 1 | |
| Arcane Vault | 1 | |
| Keep | 1 | |
| Gryphon Aviary | 2 | |
| Castle | 1 | |
17 total
» build order
00:17 Barracks
00:31 Farm
01:12 Altar of Kings
01:21 Barracks
01:27 Farm
02:13 Farm
03:31 Lumber Mill
04:06 Arcane Vault
05:57 Keep
07:19 Farm
07:29 Farm
08:14 Farm
08:31 Gryphon Aviary
08:35 Gryphon Aviary
08:37 Castle
10:48 Farm
11:08 Farm
secks (
blue | 56 APM | 887 actions | 15:45)
3 Paladin
2 Devotion Aura
1 Holy Light
1 Pandaren Brewmaster
1 Breath of Fire
» actions
| Basic commands | 16 | |
| Build / train | 60 | |
| Enter build submenu | 17 | |
| Enter hero's abilities submenu | 4 | |
| Right click | 484 | |
| Select / deselect | 265 | |
| Use ability | 41 | |
887 total
» units
| Peasant | 9 | |
| Footman | 13 | |
| Rifleman | 19 | |
| Knight | 7 | |
48 total
» upgrades
| Defend | 1 | |
| Plating | 3 | |
| Animal War Training | 1 | |
5 total
» buildings
| Altar of Kings | 1 | |
| Barracks | 2 | |
| Farm | 9 | |
| Lumber Mill | 2 | |
| Blacksmith | 1 | |
| Keep | 1 | |
| Castle | 1 | |
17 total
» build order
00:06 Altar of Kings
00:16 Barracks
00:34 Farm
01:18 Farm
01:34 Farm
02:17 Barracks
02:26 Farm
03:29 Lumber Mill
03:57 Blacksmith
04:48 Lumber Mill
06:25 Keep
07:30 Farm
08:23 Farm
08:40 Farm
08:48 Castle
12:38 Farm
13:34 Farm
Chat log
(00:24 / All) iggy_the_fisk: hej bean
(00:40 / All) secks: i dont like beans?
(00:46 / All) Ocean-Period: i odnt like his mom
(00:50 / All) hobox: oh shit
(02:39 / All) TIMG4STROK: hej sjörgismar det ar vecktenoming
(02:45 / All) secks: o shit...
(02:46 / All) hobox: that turns me on
(10:31 / All) TIMG4STROK: leave noops
(10:38 / All) secks: wtf is a noop?
(10:40 / All) TIMG4STROK: u
(10:46 / All) secks: ?
(10:58 / All) iggy_the_fisk: your mirror holds the answer.--
(11:07 / All) secks: where do u ppl come up with this?
(12:36 / All) iggy_the_fisk: a friendly piece of advice is this game is over
(12:38 / All) iggy_the_fisk: your friend left
(12:42 / All) iggy_the_fisk: save yourself time and quit
(12:44 / All) secks: he d/c'd
(12:47 / All) iggy_the_fisk: i won't say it again gl hf
(12:48 / All) secks: tsk tsk
(12:59 / All) secks: plz dont say it again... it's annoying... lol
(13:09 / All) TIMG4STROK: quit u suxks
(14:51 / All) TIMG4STROK: leafs
(14:54 / All) iggy_the_fisk: tried to warn you
(14:56 / All) iggy_the_fisk: It was very friendly
(14:58 / All) TIMG4STROK: make like a tree and scram